 Dungeon Crawl Stone Soup version 0.12.3 (webtiles) character file.

131 Chiseanne the Pious (level 3, -1/32 HPs)
             Began as a Naga Priest on Sept 27, 2013.
             Was a Believer of Zin.
             Slain by a gnoll
             ... wielding a +0,+0 flail
              (9 damage)
             ... on Level 2 of the Dungeon.
             The game lasted 00:06:12 (1794 turns).

Chiseanne the Pious (Naga Priest)                   Turns: 1794, Time: 00:06:12

HP  -1/32        AC  5     Str 14      XL: 3   Next: 81%
MP   6/6         EV  9     Int 12      God: Zin [**....]
Gold 80          SH  0     Dex 11      Spells:  0 memorised,  2 levels left

Res.Fire  : . . .   See Invis. : +   a - +0 quarterstaff
Res.Cold  : . . .   Warding    : .   b - +0 robe
Life Prot.: . . .   Conserve   : .   (no shield)
Res.Poison: +       Res.Corr.  : .   (no helmet)
Res.Elec. : .       Clarity    : .   (no cloak)
Sust.Abil.: . .     Spirit.Shd : .   h - +2 pair of gauntlets
Res.Mut.  : .       Stasis     : .   (no barding)
Res.Rott. : .       Ctrl.Telep.: .   (no amulet)
Saprovore : . . .   Flight     : .   (no ring)
                                     (no ring)

@: short of breath, very slow, slightly resistant to hostile enchantments,
unstealthy
A: spit poison, see invisible, deformed body, poison resistance, slowness 2, AC
+1
a: Spit Poison, Recite, Vitalisation, Renounce Religion


You were on level 2 of the Dungeon.
You worshipped Zin.
Zin was most pleased with you.
You were hungry.

You visited 1 branch of the dungeon, and saw 3 of its levels.

You collected 66 gold pieces.
You donated 6 gold pieces.

Inventory:

Hand weapons
 a - a +0,+0 quarterstaff (weapon)
Missiles
 d - 46 darts (quivered)
 f - 16 poisoned needles
Armour
 b - a +0 robe (worn)
 h - a +2 pair of gauntlets (worn)
Comestibles
 c - 3 bread rations
Scrolls
 e - a scroll of fog {unknown}
 g - a scroll of magic mapping {unknown}
 i - 3 scrolls of remove curse {unknown}
 j - a scroll of teleportation {unknown}
 k - a scroll of recharging {unknown}
 m - a scroll of random uselessness {unknown}
 n - a scroll of blinking {unknown}
 o - 2 scrolls of identify {unknown}
Potions
 l - a potion of curing


   Skills:
 * Level 2.6 Fighting
 * Level 2.6 Staves
 * Level 1.3 Dodging
 * Level 0.9 Stealth
 * Level 5.7 Invocations


You had 2 spell levels left.
You didn't know any spells.

Dungeon Overview and Level Annotations

Branches:
Dungeon (3/27)

Altars:


Innate Abilities, Weirdness & Mutations

You cannot wear boots.
You can spit poison.
Your serpentine skin is tough (AC +1).
You have supernaturally acute eyesight.
Armour fits poorly on your strangely shaped body.
Your system is resistant to poisons.
You cover ground very slowly.


Message History

You hit the gnoll.
The gnoll is heavily wounded.
The gnoll barely misses you.
You closely miss the gnoll.
The gnoll is heavily wounded.
The gnoll closely misses you.
You hit the gnoll but do no damage.
The gnoll is heavily wounded.
The gnoll barely misses you.
You barely miss the gnoll.
The gnoll is heavily wounded.
You have got your breath back.
The gnoll hits you with a flail!
* * * LOW HITPOINT WARNING * * *
Use which ability? (? or * to list)
Press: ? - help, Shift-Dir - straight line, f - gnoll
Aim: a gnoll, wielding a flail (heavily wounded)
The splash of poison misses the gnoll.
You feel slightly more hungry. The gnoll hits you with a flail!
You die...

.##.......# #........#####.##
.##.......# #........+.....##
#######'### #........######## #
#####.# ###'###### #...%.# ##.#
###'###### ##..# #........# #..##
#........# ###'#########
'........# ###.@.........# ###
#........####.'.g.........#####..
#........#....#...........'..##..
#...(....'.####........>..##..+..
#........### #...........#####..
#######'## ####'######## ### #.##
#..### #..# ##<..# ######'###
#####'### ##


You could see a gnoll.

Vanquished Creatures
  3 adders (D:2)
  An orc (D:3)
  A giant cockroach (D:2)
  5 hobgoblins
  2 bats (D:2)
  2 giant newts
  4 goblins
  5 kobolds
  A quokka (D:2)
24 creatures vanquished.

Vanquished Creatures (others)
  A giant newt (D:2)
  A rat (D:2)
2 creatures vanquished.

Grand Total: 26 creatures vanquished

Notes
Turn   | Place    | Note
--------------------------------------------------------------
     0 | D:1      | Chiseanne, the Naga Priest, began the quest for the Orb.
     0 | D:1      | Reached XP level 1. HP: 19/19 MP: 2/2
   338 | D:1      | Paralysed by a potion of paralysis for 2 turns
   518 | D:1      | Reached skill level 1 in Dodging
   791 | D:2      | Acquired Zin's second power
   809 | D:2      | Reached XP level 2. HP: 24/26 MP: 4/4
   920 | D:2      | Reached XP level 3. HP: 9/32 MP: 6/6
  1794 | D:2      | Slain by a gnoll

Action                   || total
-------------------------++-------
Melee: Quarterstaff      ||    81
Throw: Dart              ||     2
Invok: Recite            ||    13
 Abil: Spit Poison       ||     1
  Use: Potion            ||     4
 Stab: Confused          ||     1
